Workbook

Sheet raw_data
A1: Word,Category
A2: the,Germanic
A3: I,Germanic
A4: to,Germanic
A5: and,Germanic
A6: a,Greek
A7: of,Germanic
A8: was,Germanic
A9: he,Germanic
A10: you,Germanic
A11: it,Germanic
A12: in,Germanic
... A2001: teen,Germanic

Sheet data_trans
A1: Number | B1: Word | C1: Category | D1: New Category | G1: Category | H1: New category | I1: ILE | J1: ILE %
A2: 1 | B2: the | C2: Germanic | D2: =INDEX(H:H,MATCH(C2,G:G,0)) -> Germanic | G2: Germanic | H2: Germanic | I2: =COUNTIFS(C:C,G2) -> 1316 | J2: =I2/2000 -> 0.658 | L2: Liczba słów | M2: Germanic | N2: French | O2: Latin | P2: Other
A3: 2 | B3: I | C3: Germanic | D3: =INDEX(H:H,MATCH(C3,G:G,0)) -> Germanic | G3: Greek | H3: Other | I3: =COUNTIFS(C:C,G3) -> 11 | J3: =I3/2000 -> 0.0055 | L3: 1 | M3: =COUNTIFS(D2,$M$2)/L3 -> 1 | N3: =COUNTIFS(D2,$N$2)/L3 -> 0 | O3: =COUNTIFS(D2,$O$2)/L3 -> 0 | P3: =COUNTIFS(D2,$P$2)/L3 -> 0
A4: 3 | B4: to | C4: Germanic | D4: =INDEX(H:H,MATCH(C4,G:G,0)) -> Germanic | G4: French | H4: French | I4: =COUNTIFS(C:C,G4) -> 416 | J4: =I4/2000 -> 0.208 | L4: 2 | M4: =COUNTIFS($D$2:D3,$M$2)/L4 -> 1 | N4: =COUNTIFS($D$2:D3,$N$2)/L4 -> 0 | O4: =COUNTIFS($D$2:D3,$O$2)/L4 -> 0 | P4: =COUNTIFS($D$2:D3,$P$2)/L4 -> 0
A5: 4 | B5: and | C5: Germanic | D5: =INDEX(H:H,MATCH(C5,G:G,0)) -> Germanic | G5: Norse | H5: Other | I5: =COUNTIFS(C:C,G5) -> 4 | J5: =I5/2000 -> 0.002 | L5: 3 | M5: =COUNTIFS($D$2:D4,$M$2)/L5 -> 1 | N5: =COUNTIFS($D$2:D4,$N$2)/L5 -> 0 | O5: =COUNTIFS($D$2:D4,$O$2)/L5 -> 0 | P5: =COUNTIFS($D$2:D4,$P$2)/L5 -> 0
A6: 5 | B6: a | C6: Greek | D6: =INDEX(H:H,MATCH(C6,G:G,0)) -> Other | G6: Latin | H6: Latin | I6: =COUNTIFS(C:C,G6) -> 204 | J6: =I6/2000 -> 0.102 | L6: 4 | M6: =COUNTIFS($D$2:D5,$M$2)/L6 -> 1 | N6: =COUNTIFS($D$2:D5,$N$2)/L6 -> 0 | O6: =COUNTIFS($D$2:D5,$O$2)/L6 -> 0 | P6: =COUNTIFS($D$2:D5,$P$2)/L6 -> 0
A7: 6 | B7: of | C7: Germanic | D7: =INDEX(H:H,MATCH(C7,G:G,0)) -> Germanic | G7: Dutch | H7: Other | I7: =COUNTIFS(C:C,G7) -> 9 | J7: =I7/2000 -> 0.0045 | L7: 5 | M7: =COUNTIFS($D$2:D6,$M$2)/L7 -> 0.8 | N7: =COUNTIFS($D$2:D6,$N$2)/L7 -> 0 | O7: =COUNTIFS($D$2:D6,$O$2)/L7 -> 0 | P7: =COUNTIFS($D$2:D6,$P$2)/L7 -> 0.2
A8: 7 | B8: was | C8: Germanic | D8: =INDEX(H:H,MATCH(C8,G:G,0)) -> Germanic | G8: Italian | H8: Other | I8: =COUNTIFS(C:C,G8) -> 8 | J8: =I8/2000 -> 0.004 | L8: 6 | M8: =COUNTIFS($D$2:D7,$M$2)/L8 -> 0.83333333 | N8: =COUNTIFS($D$2:D7,$N$2)/L8 -> 0 | O8: =COUNTIFS($D$2:D7,$O$2)/L8 -> 0 | P8: =COUNTIFS($D$2:D7,$P$2)/L8 -> 0.16666667
A9: 8 | B9: he | C9: Germanic | D9: =INDEX(H:H,MATCH(C9,G:G,0)) -> Germanic | G9: Arabic | H9: Other | I9: =COUNTIFS(C:C,G9) -> 5 | J9: =I9/2000 -> 0.0025 | L9: 7 | M9: =COUNTIFS($D$2:D8,$M$2)/L9 -> 0.85714286 | N9: =COUNTIFS($D$2:D8,$N$2)/L9 -> 0 | O9: =COUNTIFS($D$2:D8,$O$2)/L9 -> 0 | P9: =COUNTIFS($D$2:D8,$P$2)/L9 -> 0.14285714
A10: 9 | B10: you | C10: Germanic | D10: =INDEX(H:H,MATCH(C10,G:G,0)) -> Germanic | G10: Celtic | H10: Other | I10: =COUNTIFS(C:C,G10) -> 4 | J10: =I10/2000 -> 0.002 | L10: 8 | M10: =COUNTIFS($D$2:D9,$M$2)/L10 -> 0.875 | N10: =COUNTIFS($D$2:D9,$N$2)/L10 -> 0 | O10: =COUNTIFS($D$2:D9,$O$2)/L10 -> 0 | P10: =COUNTIFS($D$2:D9,$P$2)/L10 -> 0.125
A11: 10 | B11: it | C11: Germanic | D11: =INDEX(H:H,MATCH(C11,G:G,0)) -> Germanic | G11: Imitative | H11: Other | I11: =COUNTIFS(C:C,G11) -> 7 | J11: =I11/2000 -> 0.0035 | L11: 9 | M11: =COUNTIFS($D$2:D10,$M$2)/L11 -> 0.88888889 | N11: =COUNTIFS($D$2:D10,$N$2)/L11 -> 0 | O11: =COUNTIFS($D$2:D10,$O$2)/L11 -> 0 | P11: =COUNTIFS($D$2:D10,$P$2)/L11 -> 0.11111111
A12: 11 | B12: in | C12: Germanic | D12: =INDEX(H:H,MATCH(C12,G:G,0)) -> Germanic | G12: Scots | H12: Other | I12: =COUNTIFS(C:C,G12) -> 4 | J12: =I12/2000 -> 0.002 | L12: 10 | M12: =COUNTIFS($D$2:D11,$M$2)/L12 -> 0.9 | N12: =COUNTIFS($D$2:D11,$N$2)/L12 -> 0 | O12: =COUNTIFS($D$2:D11,$O$2)/L12 -> 0 | P12: =COUNTIFS($D$2:D11,$P$2)/L12 -> 0.1
A13: 12 | B13: her | C13: Germanic | D13: =INDEX(H:H,MATCH(C13,G:G,0)) -> Germanic | G13: Unknown | H13: Other | I13: =COUNTIFS(C:C,G13) -> 2 | J13: =I13/2000 -> 0.001 | L13: 11 | M13: =COUNTIFS($D$2:D12,$M$2)/L13 -> 0.90909091 | N13: =COUNTIFS($D$2:D12,$N$2)/L13 -> 0 | O13: =COUNTIFS($D$2:D12,$O$2)/L13 -> 0 | P13: =COUNTIFS($D$2:D12,$P$2)/L13 -> 0.090909091
A14: 13 | B14: she | C14: Germanic | D14: =INDEX(H:H,MATCH(C14,G:G,0)) -> Germanic | G14: Uncategorized | H14: Other | I14: =COUNTIFS(C:C,G14) -> 5 | J14: =I14/2000 -> 0.0025 | L14: 12 | M14: =COUNTIFS($D$2:D13,$M$2)/L14 -> 0.91666667 | N14: =COUNTIFS($D$2:D13,$N$2)/L14 -> 0 | O14: =COUNTIFS($D$2:D13,$O$2)/L14 -> 0 | P14: =COUNTIFS($D$2:D13,$P$2)/L14 -> 0.083333333
A15: 14 | B15: that | C15: Germanic | D15: =INDEX(H:H,MATCH(C15,G:G,0)) -> Germanic | G15: Mayan | H15: Other | I15: =COUNTIFS(C:C,G15) -> 1 | J15: =I15/2000 -> 0.0005 | L15: 13 | M15: =COUNTIFS($D$2:D14,$M$2)/L15 -> 0.92307692 | N15: =COUNTIFS($D$2:D14,$N$2)/L15 -> 0 | O15: =COUNTIFS($D$2:D14,$O$2)/L15 -> 0 | P15: =COUNTIFS($D$2:D14,$P$2)/L15 -> 0.076923077
... A19: 18 | B19: on | C19: Germanic | D19: =INDEX(H:H,MATCH(C19,G:G,0)) -> Germanic | G19: Hungarian | H19: Other | I19: =COUNTIFS(C:C,G19) -> 1 | J19: =I19/2000 -> 0.0005 | L19: 17 | M19: =COUNTIFS($D$2:D18,$M$2)/L19 -> 0.94117647 | N19: =COUNTIFS($D$2:D18,$N$2)/L19 -> 0 | O19: =COUNTIFS($D$2:D18,$O$2)/L19 -> 0 | P19: =COUNTIFS($D$2:D18,$P$2)/L19 -> 0.058823529
A20: 19 | B20: with | C20: Germanic | D20: =INDEX(H:H,MATCH(C20,G:G,0)) -> Germanic | L20: 18 | M20: =COUNTIFS($D$2:D19,$M$2)/L20 -> 0.94444444 | N20: =COUNTIFS($D$2:D19,$N$2)/L20 -> 0 | O20: =COUNTIFS($D$2:D19,$O$2)/L20 -> 0 | P20: =COUNTIFS($D$2:D19,$P$2)/L20 -> 0.055555556
A21: 20 | B21: at | C21: Germanic | D21: =INDEX(H:H,MATCH(C21,G:G,0)) -> Germanic | L21: 19 | M21: =COUNTIFS($D$2:D20,$M$2)/L21 -> 0.94736842 | N21: =COUNTIFS($D$2:D20,$N$2)/L21 -> 0 | O21: =COUNTIFS($D$2:D20,$O$2)/L21 -> 0 | P21: =COUNTIFS($D$2:D20,$P$2)/L21 -> 0.052631579
A22: 21 | B22: as | C22: Germanic | D22: =INDEX(H:H,MATCH(C22,G:G,0)) -> Germanic | L22: 20 | M22: =COUNTIFS($D$2:D21,$M$2)/L22 -> 0.95 | N22: =COUNTIFS($D$2:D21,$N$2)/L22 -> 0 | O22: =COUNTIFS($D$2:D21,$O$2)/L22 -> 0 | P22: =COUNTIFS($D$2:D21,$P$2)/L22 -> 0.05
A23: 22 | B23: had | C23: Germanic | D23: =INDEX(H:H,MATCH(C23,G:G,0)) -> Germanic | L23: 21 | M23: =COUNTIFS($D$2:D22,$M$2)/L23 -> 0.95238095 | N23: =COUNTIFS($D$2:D22,$N$2)/L23 -> 0 | O23: =COUNTIFS($D$2:D22,$O$2)/L23 -> 0 | P23: =COUNTIFS($D$2:D22,$P$2)/L23 -> 0.047619048
A24: 23 | B24: for | C24: Germanic | D24: =INDEX(H:H,MATCH(C24,G:G,0)) -> Germanic | L24: 22 | M24: =COUNTIFS($D$2:D23,$M$2)/L24 -> 0.95454545 | N24: =COUNTIFS($D$2:D23,$N$2)/L24 -> 0 | O24: =COUNTIFS($D$2:D23,$O$2)/L24 -> 0 | P24: =COUNTIFS($D$2:D23,$P$2)/L24 -> 0.045454545
A25: 24 | B25: but | C25: Germanic | D25: =INDEX(H:H,MATCH(C25,G:G,0)) -> Germanic | L25: 23 | M25: =COUNTIFS($D$2:D24,$M$2)/L25 -> 0.95652174 | N25: =COUNTIFS($D$2:D24,$N$2)/L25 -> 0 | O25: =COUNTIFS($D$2:D24,$O$2)/L25 -> 0 | P25: =COUNTIFS($D$2:D24,$P$2)/L25 -> 0.043478261
A26: 25 | B26: him | C26: Germanic | D26: =INDEX(H:H,MATCH(C26,G:G,0)) -> Germanic | L26: 24 | M26: =COUNTIFS($D$2:D25,$M$2)/L26 -> 0.95833333 | N26: =COUNTIFS($D$2:D25,$N$2)/L26 -> 0 | O26: =COUNTIFS($D$2:D25,$O$2)/L26 -> 0 | P26: =COUNTIFS($D$2:D25,$P$2)/L26 -> 0.041666667
A27: 26 | B27: said | C27: Germanic | D27: =INDEX(H:H,MATCH(C27,G:G,0)) -> Germanic | L27: 25 | M27: =COUNTIFS($D$2:D26,$M$2)/L27 -> 0.96 | N27: =COUNTIFS($D$2:D26,$N$2)/L27 -> 0 | O27: =COUNTIFS($D$2:D26,$O$2)/L27 -> 0 | P27: =COUNTIFS($D$2:D26,$P$2)/L27 -> 0.04
A28: 27 | B28: be | C28: Germanic | D28: =INDEX(H:H,MATCH(C28,G:G,0)) -> Germanic | L28: 26 | M28: =COUNTIFS($D$2:D27,$M$2)/L28 -> 0.96153846 | N28: =COUNTIFS($D$2:D27,$N$2)/L28 -> 0 | O28: =COUNTIFS($D$2:D27,$O$2)/L28 -> 0 | P28: =COUNTIFS($D$2:D27,$P$2)/L28 -> 0.038461538
A29: 28 | B29: up | C29: Germanic | D29: =INDEX(H:H,MATCH(C29,G:G,0)) -> Germanic | L29: 27 | M29: =COUNTIFS($D$2:D28,$M$2)/L29 -> 0.96296296 | N29: =COUNTIFS($D$2:D28,$N$2)/L29 -> 0 | O29: =COUNTIFS($D$2:D28,$O$2)/L29 -> 0 | P29: =COUNTIFS($D$2:D28,$P$2)/L29 -> 0.037037037
A30: 29 | B30: out | C30: Germanic | D30: =INDEX(H:H,MATCH(C30,G:G,0)) -> Germanic | L30: 28 | M30: =COUNTIFS($D$2:D29,$M$2)/L30 -> 0.96428571 | N30: =COUNTIFS($D$2:D29,$N$2)/L30 -> 0 | O30: =COUNTIFS($D$2:D29,$O$2)/L30 -> 0 | P30: =COUNTIFS($D$2:D29,$P$2)/L30 -> 0.035714286
A31: 30 | B31: look | C31: Germanic | D31: =INDEX(H:H,MATCH(C31,G:G,0)) -> Germanic | L31: 29 | M31: =COUNTIFS($D$2:D30,$M$2)/L31 -> 0.96551724 | N31: =COUNTIFS($D$2:D30,$N$2)/L31 -> 0 | O31: =COUNTIFS($D$2:D30,$O$2)/L31 -> 0 | P31: =COUNTIFS($D$2:D30,$P$2)/L31 -> 0.034482759
... A2001: 2000 | B2001: teen | C2001: Germanic | D2001: =INDEX(H:H,MATCH(C2001,G:G,0)) -> Germanic | L2001: 1999 | M2001: =COUNTIFS($D$2:D2000,$M$2)/L2001 -> 0.65782891 | N2001: =COUNTIFS($D$2:D2000,$N$2)/L2001 -> 0.20810405 | O2001: =COUNTIFS($D$2:D2000,$O$2)/L2001 -> 0.10205103 | P2001: =COUNTIFS($D$2:D2000,$P$2)/L2001 -> 0.032016008
L2002: 2000 | M2002: =COUNTIFS($D$2:D2001,$M$2)/L2002 -> 0.658 | N2002: =COUNTIFS($D$2:D2001,$N$2)/L2002 -> 0.208 | O2002: =COUNTIFS($D$2:D2001,$O$2)/L2002 -> 0.102 | P2002: =COUNTIFS($D$2:D2001,$P$2)/L2002 -> 0.032

Sheet old_version
B2: Liczba słów | C2: Germanic | D2: French | E2: Latin | F2: Other
B3: 1 | C3: =data_trans!M3 -> 1 | D3: =data_trans!N3 -> 0 | E3: =data_trans!O3 -> 0 | F3: =data_trans!P3 -> 0
B4: 2 | C4: =data_trans!M4 -> 1 | D4: =data_trans!N4 -> 0 | E4: =data_trans!O4 -> 0 | F4: =data_trans!P4 -> 0
B5: 3 | C5: =data_trans!M5 -> 1 | D5: =data_trans!N5 -> 0 | E5: =data_trans!O5 -> 0 | F5: =data_trans!P5 -> 0
B6: 4 | C6: =data_trans!M6 -> 1 | D6: =data_trans!N6 -> 0 | E6: =data_trans!O6 -> 0 | F6: =data_trans!P6 -> 0
B7: 5 | C7: =data_trans!M7 -> 0.8 | D7: =data_trans!N7 -> 0 | E7: =data_trans!O7 -> 0 | F7: =data_trans!P7 -> 0.2
B8: 6 | C8: =data_trans!M8 -> 0.83333333 | D8: =data_trans!N8 -> 0 | E8: =data_trans!O8 -> 0 | F8: =data_trans!P8 -> 0.16666667
B9: 7 | C9: =data_trans!M9 -> 0.85714286 | D9: =data_trans!N9 -> 0 | E9: =data_trans!O9 -> 0 | F9: =data_trans!P9 -> 0.14285714
B10: 8 | C10: =data_trans!M10 -> 0.875 | D10: =data_trans!N10 -> 0 | E10: =data_trans!O10 -> 0 | F10: =data_trans!P10 -> 0.125
B11: 9 | C11: =data_trans!M11 -> 0.88888889 | D11: =data_trans!N11 -> 0 | E11: =data_trans!O11 -> 0 | F11: =data_trans!P11 -> 0.11111111
B12: 10 | C12: =data_trans!M12 -> 0.9 | D12: =data_trans!N12 -> 0 | E12: =data_trans!O12 -> 0 | F12: =data_trans!P12 -> 0.1
B13: 11 | C13: =data_trans!M13 -> 0.90909091 | D13: =data_trans!N13 -> 0 | E13: =data_trans!O13 -> 0 | F13: =data_trans!P13 -> 0.090909091
B14: 12 | C14: =data_trans!M14 -> 0.91666667 | D14: =data_trans!N14 -> 0 | E14: =data_trans!O14 -> 0 | F14: =data_trans!P14 -> 0.083333333
... B2002: 2000 | C2002: =data_trans!M2002 -> 0.658 | D2002: =data_trans!N2002 -> 0.208 | E2002: =data_trans!O2002 -> 0.102 | F2002: =data_trans!P2002 -> 0.032

Sheet new_version
B2: Liczba słów | C2: Germanic | D2: French | E2: Latin | F2: Other
B3: 10th | C3: =data_trans!M12 -> 0.9 | D3: =data_trans!N12 -> 0 | E3: =data_trans!O12 -> 0 | F3: =data_trans!P12 -> 0.1
B4: 50th | C4: =data_trans!M52 -> 0.94 | D4: =data_trans!N52 -> 0.02 | E4: =data_trans!O52 -> 0 | F4: =data_trans!P52 -> 0.04
B5: 100th | C5: =data_trans!M102 -> 0.94 | D5: =data_trans!N102 -> 0.02 | E5: =data_trans!O102 -> 0.01 | F5: =data_trans!P102 -> 0.03
B6: 200th | C6: =data_trans!M202 -> 0.93 | D6: =data_trans!N202 -> 0.045 | E6: =data_trans!O202 -> 0.01 | F6: =data_trans!P202 -> 0.015
B7: 500th | C7: =data_trans!M502 -> 0.848 | D7: =data_trans!N502 -> 0.108 | E7: =data_trans!O502 -> 0.026 | F7: =data_trans!P502 -> 0.018
B8: 1000th | C8: =data_trans!M1002 -> 0.749 | D8: =data_trans!N1002 -> 0.159 | E8: =data_trans!O1002 -> 0.065 | F8: =data_trans!P1002 -> 0.027
B9: 1500th | C9: =data_trans!M1502 -> 0.706 | D9: =data_trans!N1502 -> 0.18333333 | E9: =data_trans!O1502 -> 0.081333333 | F9: =data_trans!P1502 -> 0.029333333
B10: 2000th | C10: =data_trans!M2002 -> 0.658 | D10: =data_trans!N2002 -> 0.208 | E10: =data_trans!O2002 -> 0.102 | F10: =data_trans!P2002 -> 0.032
